[Event "FIDE WCCC Open-08 2024"]
[Site "Montesilvano"]
[Date "2024.11.19"]
[Round "5.1"]
[White "Divith Reddy Adulla"]
[Black "Demchenko, Timofei"]
[Result "0-1"]
[ECO "C01"]
[WhiteElo "1784"]
[BlackElo "1969"]
[Annotator "NA RC"]
[PlyCount "80"]
[EventDate "2024.11.18"]
[EventType "swiss"]
[EventCountry "ITA"]
[SourceTitle "playchess.com"]
[Source "ChessBase"]
[SourceQuality "1"]
[TimeControl "5400+30"]

1. e4 e6 2. d4 d5 3. Nc3 Bb4 4. exd5 exd5 5. a3 Bxc3+ 6. bxc3 Ne7 7. Bd3 Bf5 8. Qf3 Bxd3 9. cxd3 Nbc6 10. Ne2 Qd7 11. O-O O-O 12. Ng3 f5 13. Nh5 Kh8 14. Nf4 g5 15. Nh5 f4 16. h3 Ng6 17. Bd2 Qf5 18. Rfd1 Rae8 19. Re1 Nce7 20. Rad1 c5 21. g4 Qf7 22. dxc5 Nh4 23. Qh1 Nef5 24. Rxe8 Rxe8 25. c4 Re5 26. cxd5 Nd4 27. Kf1 Ne2 28. Re1 Ng3+ 29. Nxg3 fxg3 30. f4 g2+ 31. Qxg2 Rxe1+ 32. Bxe1 Nxg2 33. Bc3+ Kg8 34. Kxg2 Qxd5+ 35. Kg1 Qxc5+ 36. Kh1 Qxc3 37. Kh2 gxf4 38. g5 Qd2+ 39. Kh1 f3 40. g6 Qg2# 0-1

[Event "FIDE WCCC Open-08 2024"]
[Site "Montesilvano"]
[Date "2024.11.19"]
[Round "5.2"]
[White "Zhang, Yangming"]
[Black "Li, Aiden Linyuan"]
[Result "0-1"]
[ECO "B13"]
[WhiteElo "1770"]
[BlackElo "1877"]
[Annotator "NA RC"]
[PlyCount "128"]
[EventDate "2024.11.18"]
[EventType "swiss"]
[EventCountry "ITA"]
[SourceTitle "playchess.com"]
[Source "ChessBase"]
[SourceQuality "1"]
[TimeControl "5400+30"]

1. e4 c6 2. d4 d5 3. exd5 cxd5 4. Bd3 Nc6 5. c3 Qc7 6. h3 Nf6 7. Nf3 g6 8. O-O Bf5 9. Re1 Bxd3 10. Qxd3 Bg7 11. Ne5 Ne4 12. f3 Nc5 13. Qb5 Bxe5 14. Rxe5 Qb6 15. Qe2 Nd3 16. Rxe7+ Nxe7 17. Qxd3 O-O 18. Nd2 Nf5 19. Nb3 a5 20. Qc2 Rfe8 21. Bf4 Ne3 22. Qf2 Nc4 23. Rb1 Re7 24. Nc5 Rae8 25. Qh4 Na3 26. Bg5 f6 27. Bxf6 Rf7 28. Re1 Rxe1+ 29. Qxe1 Qxf6 30. bxa3 Re7 31. Qb1 b6 32. Nd3 Qf5 33. Qb5 Qg5 34. Ne5 Qe3+ 35. Kh2 Qxc3 36. Qxd5+ Kg7 37. Qd6 Qc7 38. Qd5 Re8 39. f4 Rf8 40. Qe4 Qe7 41. d5 Qxa3 42. Qd4 Qc5 43. Qa1 Rxf4 44. Nf3+ Rf6 45. Qd1 Qd6+ 46. Kh1 Rf5 47. Qd4+ Kg8 48. Qc4 Rxd5 49. Qc8+ Kg7 50. Qc3+ Qf6 51. Qc7+ Kh8 52. Qc1 Rd8 53. Ng5 Rf8 54. Nf3 b5 55. Qc5 Rd8 56. Qc1 b4 57. Ng5 Qc3 58. Qf4 Re8 59. Nf3 a4 60. Qf7 Qc6 61. Qf4 b3 62. Qd4+ Kg8 63. Ne5 Qc1+ 64. Kh2 Qc7 0-1

[Event "FIDE WCCC Open-08 2024"]
[Site "Montesilvano"]
[Date "2024.11.19"]
[Round "5.3"]
[White "Sattwik Swain"]
[Black "Morozov, Arkhip"]
[Result "1-0"]
[ECO "C42"]
[WhiteElo "1787"]
[BlackElo "1687"]
[Annotator "NA RC"]
[PlyCount "79"]
[EventDate "2024.11.18"]
[EventType "swiss"]
[EventCountry "ITA"]
[SourceTitle "playchess.com"]
[Source "ChessBase"]
[SourceQuality "1"]
[TimeControl "5400+30"]

1. e4 e5 2. Nf3 Nf6 3. Nxe5 d6 4. Nf3 Nxe4 5. Nc3 Nxc3 6. dxc3 Be7 7. Be3 Be6 8. Qd2 Nc6 9. O-O-O h6 10. Be2 Qd7 11. Kb1 Bf6 12. Rhe1 a6 13. a3 O-O-O 14. h3 Kb8 15. Bd3 Rhe8 16. Nd4 Nxd4 17. cxd4 Bf5 18. Qb4 Bxd3 19. Rxd3 Qb5 20. Qxb5 axb5 21. Red1 d5 22. Kc1 Kc8 23. Kd2 Kd7 24. Rb3 Kc6 25. Kc1 Be7 26. Rdd3 b4 27. axb4 Kb5 28. Rdc3 c6 29. Kd1 Ra8 30. Rc5+ Bxc5 31. bxc5+ Ka6 32. Bd2 Ka7 33. Ra3+ Kb8 34. Bf4+ Kc8 35. Rxa8+ Kd7 36. Rxe8 Kxe8 37. Kd2 Kd7 38. Kc3 Ke6 39. f3 Kf5 40. Bg3 1-0

[Event "FIDE WCCC Open-08 2024"]
[Site "Montesilvano"]
[Date "2024.11.19"]
[Round "5.4"]
[White "Jia, Zining (Matthew)"]
[Black "Bausys, Benas"]
[Result "1/2-1/2"]
[ECO "B28"]
[WhiteElo "1550"]
[BlackElo "1564"]
[Annotator "NA COMBH"]
[PlyCount "333"]
[EventDate "2024.11.18"]
[EventType "swiss"]
[EventCountry "ITA"]
[SourceTitle "playchess.com"]
[Source "ChessBase"]
[SourceQuality "1"]
[TimeControl "5400+30"]

1. e4 c5 2. Nf3 a6 3. c3 e6 4. d4 cxd4 5. cxd4 Nf6 6. e5 Nd5 7. a3 d6 8. Bd3 Nc6 9. O-O Be7 10. Re1 dxe5 11. dxe5 O-O 12. Qe2 f5 13. h3 b5 14. Rd1 Bb7 15. Bd2 Qb6 16. Nc3 Na5 17. Nxd5 Bxd5 18. Bxa5 Qxa5 19. Rac1 Rad8 20. Nd2 Bg5 21. Rc3 b4 22. Nb3 Qb6 23. axb4 Qxb4 24. Nc5 a5 25. Na6 Qb6 26. Nc7 Bb7 27. Bc4 Bc8 28. Rxd8 Rxd8 29. Qc2 Kh8 30. Bd3 Bd7 31. Na6 Bh4 32. Nc5 Be8 33. Rb3 Qc6 34. Bb5 Qc7 35. Bxe8 Rxe8 36. Qc3 Qc6 37. Ra3 Rc8 38. Na4 Qd7 39. Qd3 Rc1+ 40. Kh2 Qc7 41. Qe3 Rc4 42. Rc3 h6 43. b3 Rxc3 44. Qxc3 Qxc3 45. Nxc3 Bxf2 46. Ne2 Bb6 47. Nf4 Bc7 48. Nxe6 Bxe5+ 49. g3 Kg8 50. Kg2 Kf7 51. Nd8+ Kf6 52. Kf3 g5 53. Nb7 Bc7 54. Nc5 h5 55. Nd3 g4+ 56. hxg4 hxg4+ 57. Kg2 f4 58. Nxf4 Kf5 59. Nd3 Ke4 60. Nf2+ Kd4 61. Nxg4 Kc3 62. Nf2 Kxb3 63. g4 a4 64. Kf3 Be5 65. Nd3 Bg7 66. Ke2 a3 67. g5 Bb2 68. g6 a2 69. g7 a1=Q 70. g8=Q+ Kc3 71. Qc8+ Kb3 72. Nc5+ Kb4 73. Nd3+ Kb3 74. Qg8+ Kc3 75. Qg7+ Kb3 76. Qb7+ Kc3 77. Qb4+ Kc2 78. Ne1+ Kb1 79. Qe4+ Ka2 80. Qc4+ Kb1 81. Qc2+ Ka2 82. Nd3 Ka3 83. Nc5 Ka2 84. Qc4+ Kb1 85. Qd3+ Ka2 86. Qb3+ Kb1 87. Na4 Qa3 88. Nc3+ Ka1 89. Qd1+ Bc1 90. Kd3 Qd6+ 91. Kc2 Qxd1+ 92. Nxd1 Bb2 93. Kb3 Bc3 94. Ne3 Kb1 95. Nc4 Kc1 96. Na3 Kd2 97. Nb1+ Kd3 98. Na3 Bb2 99. Nc4 Ba3 100. Ne5+ Ke4 101. Ng4 Bc5 102. Nh2 Ke3 103. Nf1+ Ke2 104. Ng3+ Kf3 105. Nf5 Bd4 106. Nd6 Bc3 107. Nf7 Be5 108. Ng5+ Kg4 109. Nf7 Bc3 110. Nd6 Bb4 111. Nb7 Bc5 112. Nd8 Bb4 113. Ne6 Bc5 114. Nc7 Bb4 115. Nd5 Bc3 116. Ne3+ Kf3 117. Nc4 Bd4 118. Nd6 Bc3 119. Nb5 Bd4 120. Na3 Bb2 121. Nb5 Bd4 122. Nd6 Bb2 123. Kc2 Bc3 124. Kd3 Bd4 125. Nf7 Be5 126. Nh6 Bd4 127. Nf5 Be3 128. Nd6 Bd4 129. Ne4 Bc3 130. Ng5+ Kg4 131. Ne6 Bd4 132. Kc4 Bc3 133. Kd5 Be5 134. Kc6 Bd6 135. Kd7 Bf8 136. Ke8 Be7 137. Kf7 Bf6 138. Kg6 Bg5 139. Kf7 Bd8 140. Kg6 Bg5 141. Kg7 Bf6+ 142. Kh7 Bg7 143. Kg6 Bf6 144. Kf7 Kf5 145. Nc7 Be5 146. Ne6 Bf6 147. Nc5 Be7 148. Nd3 Bc5 149. Nb2 Ke4 150. Nc4 Bd6 151. Nb6 Be7 152. Nd7 Bc5 153. Nf6+ Kf5 154. Nd7 Bf8 155. Nb6 Be7 156. Nc4 Bd6 157. Ne3+ Ke4 158. Ng4 Be5 159. Ke6 Bf6 160. Kf7 Be7 161. Ke6 Bf6 162. Nh6 Be7 163. Nf7 Bf6 164. Nd6+ Kd3 165. Nf5 Ke4 166. Nd6+ Kd3 167. Kd5 1/2-1/2

[Event "FIDE WCCC Open-08 2024"]
[Site "Montesilvano"]
[Date "2024.11.19"]
[Round "5.5"]
[White "Hu, Junyan"]
[Black "Su, Milo"]
[Result "1/2-1/2"]
[ECO "B24"]
[WhiteElo "1924"]
[BlackElo "1696"]
[Annotator "NA RC"]
[PlyCount "144"]
[EventDate "2024.11.18"]
[EventType "swiss"]
[EventCountry "ITA"]
[SourceTitle "playchess.com"]
[Source "ChessBase"]
[SourceQuality "1"]
[TimeControl "5400+30"]

1. e4 c5 2. Nf3 Nc6 3. d4 cxd4 4. Nxd4 Nf6 5. Nc3 e6 6. g3 d5 7. exd5 exd5 8. Bg2 Bg4 9. f3 Bd7 10. O-O Be7 11. Be3 O-O 12. Bf2 Rc8 13. Qd2 Na5 14. Rad1 Nc4 15. Qc1 Bb4 16. Nce2 Re8 17. a3 Bc5 18. Nc3 Bb6 19. Rfe1 h6 20. Rxe8+ Bxe8 21. Bh3 Bd7 22. Bxd7 Qxd7 23. Kg2 Nxa3 24. Nxd5 Nxd5 25. bxa3 Rd8 26. Rd3 Bc7 27. Qd2 h5 28. Ne2 Be5 29. Kg1 Qb5 30. Bd4 Bxd4+ 31. Rxd4 Re8 32. Rxd5 Qxe2 33. Qxe2 Rxe2 34. Rd8+ Kh7 35. Rd7 Rxc2 36. Rxb7 Rc3 37. Rxa7 Rxf3 38. Kg2 Rb3 39. a4 Ra3 40. a5 Ra2+ 41. Kf3 Ra1 42. a6 f6 43. h4 Ra3+ 44. Kg2 Ra1 45. Ra8 Ra2+ 46. Kh3 Ra1 47. a7 Ra2 48. Rd8 Rxa7 49. Rd5 Kh6 50. Rd6 Kg6 51. Rb6 Ra5 52. Rc6 Kf5 53. Rc1 Ra3 54. Rc5+ Kg6 55. Rb5 Re3 56. Ra5 Re2 57. Rb5 Re3 58. Ra5 Re4 59. Ra1 Kf5 60. Rf1+ Ke5 61. Ra1 Rd4 62. Re1+ Kd5 63. Re7 g5 64. hxg5 fxg5 65. Rg7 Rg4 66. Rh7 Ke4 67. Ra7 Kf5 68. Ra5+ Ke4 69. Ra4+ Kf5 70. Ra5+ Ke4 71. Ra4+ Kf5 72. Ra5+ Ke4 1/2-1/2

[Event "FIDE WCCC Open-08 2024"]
[Site "Montesilvano"]
[Date "2024.11.19"]
[Round "5.6"]
[White "Xu, Zhihan (Samuel)"]
[Black "Mudriievskyi, Jan"]
[Result "1-0"]
[ECO "B78"]
[WhiteElo "1881"]
[BlackElo "1682"]
[Annotator "NA RC"]
[PlyCount "95"]
[EventDate "2024.11.18"]
[EventType "swiss"]
[EventCountry "ITA"]
[SourceTitle "playchess.com"]
[Source "ChessBase"]
[SourceQuality "1"]
[TimeControl "5400+30"]

1. e4 c5 2. Nf3 d6 3. d4 cxd4 4. Nxd4 Nf6 5. Nc3 g6 6. Be3 Bg7 7. f3 O-O 8. Qd2 Nc6 9. Bc4 Bd7 10. O-O-O Rc8 11. Bb3 Nxd4 12. Bxd4 b5 13. e5 dxe5 14. Bxe5 Bc6 15. Qg5 Qa5 16. Bd4 Rfd8 17. Rhe1 Rd7 18. Qc5 Qc7 19. Kb1 Kf8 20. Be5 Qb7 21. Rxd7 Bxd7 22. Qd4 a6 23. Nd5 Be6 24. Nxf6 exf6 25. Bxe6 fxe5 26. Qd6+ Kg8 27. Bxc8 Qxc8 28. Rd1 Qb7 29. Qd8+ Bf8 30. Rd7 Qc6 31. Rc7 Qb6 32. a3 Qg1+ 33. Ka2 Qc1 34. Qf6 Qf4 35. Qxf4 exf4 36. Rc6 a5 37. Rb6 b4 38. a4 b3+ 39. Kxb3 Bb4 40. Rxb4 axb4 41. a5 Kg7 42. a6 Kh6 43. a7 Kh5 44. a8=Q f5 45. Qf8 h6 46. Qf6 g5 47. Qxf5 Kh4 48. Qg4# 1-0

[Event "FIDE WCCC Open-08 2024"]
[Site "Montesilvano"]
[Date "2024.11.19"]
[Round "5.7"]
[White "Badescu, Matei-Andrei"]
[Black "Czachurski, Ignacy"]
[Result "1-0"]
[ECO "C54"]
[WhiteElo "1829"]
[BlackElo "1672"]
[Annotator "NA RC"]
[PlyCount "93"]
[EventDate "2024.11.18"]
[EventType "swiss"]
[EventCountry "ITA"]
[SourceTitle "playchess.com"]
[Source "ChessBase"]
[SourceQuality "1"]
[TimeControl "5400+30"]

1. e4 e5 2. Nf3 Nc6 3. Bc4 Bc5 4. c3 Nf6 5. d3 d6 6. O-O a6 7. Bb3 Ba7 8. Re1 Qe7 9. Be3 h6 10. Bxa7 Nxa7 11. d4 g5 12. dxe5 dxe5 13. Na3 Bd7 14. Ba4 O-O-O 15. Bxd7+ Rxd7 16. Qe2 Rhd8 17. Nc4 Nc6 18. a4 a5 19. Rab1 Nh5 20. g3 Ng7 21. Rec1 f6 22. b4 axb4 23. cxb4 Kb8 24. Na5 Nxa5 25. bxa5 Ne8 26. Qb2 Nd6 27. Ne1 Rc8 28. Nd3 c6 29. Nc5 Rdd8 30. a6 b5 31. Qb4 Ka7 32. Nb7 Rd7 33. axb5 Nxb7 34. axb7 Rxb7 35. Qa4+ Kb8 36. bxc6 Rxb1 37. Rxb1+ Kc7 38. Rb7+ Kd8 39. Qd1+ Ke8 40. Rxe7+ Kxe7 41. Qd7+ Kf8 42. Qxc8+ Kg7 43. c7 Kg6 44. Qf5+ Kh5 45. Qh3+ Kg6 46. c8=Q g4 47. Qg8# 1-0

[Event "FIDE WCCC Open-08 2024"]
[Site "Montesilvano"]
[Date "2024.11.19"]
[Round "5.8"]
[White "Petrenko, Tymofii"]
[Black "Mani, Sarbartho"]
[Result "0-1"]
[ECO "C02"]
[WhiteElo "1678"]
[BlackElo "1824"]
[Annotator "NA RC"]
[PlyCount "98"]
[EventDate "2024.11.18"]
[EventType "swiss"]
[EventCountry "ITA"]
[SourceTitle "playchess.com"]
[Source "ChessBase"]
[SourceQuality "1"]
[TimeControl "5400+30"]

1. e4 e6 2. d4 d5 3. e5 c5 4. c3 Nc6 5. Nf3 Qb6 6. a3 c4 7. Nbd2 Na5 8. Be2 Bd7 9. O-O Ne7 10. Rb1 Qc7 11. h4 h6 12. h5 Nc8 13. Qe1 Nb6 14. Bd1 Ba4 15. Bxa4+ Nxa4 16. Nh4 O-O-O 17. f4 Nc6 18. f5 exf5 19. Nxf5 g6 20. hxg6 fxg6 21. Nh4 Ne7 22. Rf7 Qc6 23. Rf6 Qe8 24. Qg3 g5 25. Nf5 Nxf5 26. Qg4 Be7 27. Qxf5+ Kb8 28. Rf7 Nb6 29. b3 cxb3 30. Rxb3 Rf8 31. Rxf8 Qxf8 32. Qd3 Qf7 33. Qe2 Qe6 34. Nf1 Rf8 35. Bd2 Nc4 36. Ne3 Nxe3 37. Bxe3 a6 38. Qb2 Qc8 39. Rb6 Ka7 40. c4 Bd8 41. Rxh6 Qxc4 42. Rh7 Bb6 43. Qb4 Rc8 44. Qb2 Qd3 45. Rh3 Rc2 46. Qb4 Rc4 47. Qb2 g4 48. Rg3 Qd1+ 49. Kh2 Rc8 0-1

[Event "FIDE WCCC Open-08 2024"]
[Site "Montesilvano"]
[Date "2024.11.19"]
[Round "5.9"]
[White "Szumiec, Jan"]
[Black "Protopopescu, Luca"]
[Result "0-1"]
[ECO "C06"]
[WhiteElo "1678"]
[BlackElo "1818"]
[Annotator "NA RC"]
[PlyCount "56"]
[EventDate "2024.11.18"]
[EventType "swiss"]
[EventCountry "ITA"]
[SourceTitle "playchess.com"]
[Source "ChessBase"]
[SourceQuality "1"]
[TimeControl "5400+30"]

1. e4 e6 2. d4 d5 3. Nd2 Nf6 4. e5 Nfd7 5. Bd3 c5 6. c3 Nc6 7. Ne2 cxd4 8. cxd4 f6 9. exf6 Nxf6 10. Nf3 Bd6 11. O-O O-O 12. Bf4 Bxf4 13. Nxf4 Ng4 14. Ne2 Qd6 15. Ng3 e5 16. dxe5 Ngxe5 17. Nxe5 Nxe5 18. Rc1 Bg4 19. f3 Bd7 20. Kh1 a6 21. Be4 d4 22. Bxb7 Rab8 23. Ne4 Qb4 24. Bxa6 Qxb2 25. Rf2 Qa3 26. Bc4+ Nxc4 27. Rxc4 Qe3 28. Re2 Qxe2 0-1

[Event "FIDE WCCC Open-08 2024"]
[Site "Montesilvano"]
[Date "2024.11.19"]
[Round "5.10"]
[White "Zhu, Daniel"]
[Black "Ayaan Phutane"]
[Result "1-0"]
[ECO "D02"]
[WhiteElo "2050"]
[BlackElo "1796"]
[Annotator "RC"]
[PlyCount "75"]
[EventDate "2024.11.18"]
[EventType "swiss"]
[EventCountry "ITA"]
[SourceTitle "playchess.com"]
[Source "ChessBase"]
[SourceQuality "1"]
[TimeControl "5400+30"]

1. d4 Nf6 2. Nf3 d5 3. Bf4 e6 4. e3 c5 5. Nbd2 Nc6 6. c3 Nh5 7. Bg5 f6 8. Bh4 g6 9. Be2 Ng7 10. Bd3 cxd4 11. cxd4 Be7 12. O-O O-O 13. a3 Bd7 14. Rc1 Rc8 15. b4 a5 16. b5 Na7 17. a4 Bb4 18. Nb3 g5 19. Bg3 Qe7 20. Rc2 Nf5 21. Qb1 Rxc2 22. Qxc2 Rc8 23. Qb1 Nxg3 24. hxg3 b6 25. Kh2 Ba3 26. Rh1 g4 27. Nfd2 f5 28. Kg1 Qb4 29. Qa2 Bc1 30. Nxc1 Rxc1+ 31. Nf1 Qd6 32. Qd2 Qc7 33. e4 dxe4 34. Qg5+ Kf8 35. Rxh7 Rxf1+ 36. Bxf1 Bc8 37. Qf6+ Qf7 38. Qxf7# 1-0

[Event "FIDE WCCC Open-08 2024"]
[Site "Montesilvano"]
[Date "2024.11.19"]
[Round "5.11"]
[White "Adilbek, Adinur"]
[Black "Ulan, Rizat"]
[Result "0-1"]
[ECO "B26"]
[WhiteElo "1651"]
[BlackElo "1783"]
[Annotator "NA RC"]
[PlyCount "132"]
[EventDate "2024.11.18"]
[EventType "swiss"]
[EventCountry "ITA"]
[SourceTitle "playchess.com"]
[Source "ChessBase"]
[SourceQuality "1"]
[TimeControl "5400+30"]

1. e4 c5 2. Nc3 Nc6 3. g3 g6 4. Bg2 Bg7 5. Nge2 e6 6. d3 Nge7 7. Be3 Nd4 8. O-O O-O 9. Qd2 d6 10. Rac1 Rb8 11. Bh6 Nxe2+ 12. Nxe2 e5 13. Bxg7 Kxg7 14. c3 Be6 15. a3 Nc6 16. f4 f6 17. d4 cxd4 18. cxd4 exd4 19. f5 Bf7 20. g4 Qb6 21. Kh1 g5 22. Rf3 h5 23. gxh5 Bxh5 24. Rg3 Bxe2 25. Qxe2 Ne5 26. Rg1 Rh8 27. Bf1 Rh7 28. Qd2 Rbh8 29. h3 Kf7 30. b4 Kf8 31. Qa2 Qc6 32. Bg2 Re7 33. b5 Qxb5 34. Rc1 Nc6 35. Rb3 Qe5 36. Qb2 Rhh7 37. Kg1 g4 38. hxg4 Qh2+ 39. Kf1 Qf4+ 40. Kg1 Qxg4 41. Rxc6 Qd1+ 42. Kf2 bxc6 43. Rb8+ Kg7 44. Bf3 Rh2+ 45. Bg2 Qg4 46. Kf1 Kh7 47. Rb7 Rxb7 48. Qxb7+ Kh6 49. Qb2 Qxg2+ 50. Qxg2 Rxg2 51. Kxg2 Kg5 52. e5 dxe5 53. a4 a5 54. Kg3 c5 55. Kf3 c4 56. Ke4 c3 57. Kd3 e4+ 58. Ke2 d3+ 59. Ke3 Kxf5 60. Kf2 c2 61. Ke1 e3 62. Kf1 Kg4 63. Kg2 c1=Q 64. Kh2 d2 65. Kg2 d1=Q 66. Kh2 Qg1# 0-1

[Event "FIDE WCCC Open-08 2024"]
[Site "Montesilvano"]
[Date "2024.11.19"]
[Round "5.12"]
[White "Elemes, Nurmukhamed"]
[Black "Nurshin, Nurali"]
[Result "1-0"]
[ECO "D58"]
[WhiteElo "1735"]
[BlackElo "1612"]
[Annotator "NA RC"]
[PlyCount "93"]
[EventDate "2024.11.18"]
[EventType "swiss"]
[EventCountry "ITA"]
[SourceTitle "playchess.com"]
[Source "ChessBase"]
[SourceQuality "1"]
[TimeControl "5400+30"]

1. d4 Nf6 2. c4 e6 3. Nf3 d5 4. Nc3 Be7 5. Bg5 O-O 6. e3 h6 7. Bh4 b6 8. Rc1 Bb7 9. Bd3 dxc4 10. Bxc4 Nbd7 11. O-O a6 12. Qe2 b5 13. Bb3 c5 14. Rfd1 Qb6 15. Ne5 Bd6 16. Nxd7 Nxd7 17. d5 c4 18. dxe6 fxe6 19. Be7 Bxe7 20. Rxd7 Qc6 21. Rxb7 Qxb7 22. Bc2 Qd7 23. Rd1 Qe8 24. Qg4 Qf7 25. Rf1 Rad8 26. Bg6 Qf6 27. Ne4 Qe5 28. f4 Qd5 29. Nc3 Qc6 30. h4 e5 31. Be4 Qe8 32. Nd5 Bc5 33. f5 Qd7 34. Qg6 Qf7 35. Qc6 Be7 36. Qg6 Bc5 37. Qc6 Be7 38. Nc7 Qf6 39. Qb7 Bc5 40. Nd5 Qxh4 41. f6 Qg3 42. Rf3 Qe1+ 43. Kh2 Qh4+ 44. Rh3 Qg5 45. Ne7+ Kh8 46. Ng6+ Kg8 47. Qxg7# 1-0

[Event "FIDE WCCC Open-08 2024"]
[Site "Montesilvano"]
[Date "2024.11.19"]
[Round "5.13"]
[White "Kuncoro, Leo"]
[Black "Kavish Palaniappan K"]
[Result "0-1"]
[ECO "C58"]
[WhiteElo "1726"]
[BlackElo "1589"]
[Annotator "NA RC"]
[PlyCount "70"]
[EventDate "2024.11.18"]
[EventType "swiss"]
[EventCountry "ITA"]
[SourceTitle "playchess.com"]
[Source "ChessBase"]
[SourceQuality "1"]
[TimeControl "5400+30"]

1. e4 e5 2. Nf3 Nc6 3. Bc4 Nf6 4. Ng5 d5 5. exd5 Na5 6. Bb5+ c6 7. dxc6 bxc6 8. Qf3 Rb8 9. Bd3 h6 10. Ne4 Nd5 11. Nbc3 Be7 12. a3 O-O 13. Ng3 Nf4 14. b4 Nb3 15. Rb1 Nd4 16. Qe4 g6 17. O-O Bd6 18. Nce2 f5 19. Qe3 Nfxe2+ 20. Nxe2 f4 21. Bc4+ Kh7 22. Qc3 f3 23. Ng3 fxg2 24. Kxg2 Qh4 25. f4 exf4 26. Bb2 Qh3+ 27. Kg1 fxg3 28. Bg8+ Kxg8 29. Rxf8+ Bxf8 30. Qxd4 Qxh2+ 31. Kf1 Bh3+ 32. Ke1 Re8+ 33. Qe3 Qf2+ 34. Kd1 Qf1+ 35. Qe1 Rxe1# 0-1

[Event "FIDE WCCC Open-08 2024"]
[Site "Montesilvano"]
[Date "2024.11.19"]
[Round "5.14"]
[White "Tuguldur, Baatarchuluun"]
[Black "Singh, Ian Avery"]
[Result "0-1"]
[ECO "B22"]
[WhiteElo "1590"]
[BlackElo "1713"]
[Annotator "NA RC"]
[PlyCount "101"]
[EventDate "2024.11.18"]
[EventType "swiss"]
[EventCountry "ITA"]
[SourceTitle "playchess.com"]
[Source "ChessBase"]
[SourceQuality "1"]
[TimeControl "5400+30"]

1. e4 c5 2. c3 d5 3. exd5 Qxd5 4. d4 Nc6 5. Nf3 Bf5 6. Be2 cxd4 7. cxd4 Bxb1 8. Rxb1 e6 9. a3 Nf6 10. O-O Be7 11. h3 O-O 12. Be3 Rac8 13. Rc1 Qd6 14. Bd3 Nd5 15. Bg5 Bxg5 16. Nxg5 h6 17. Ne4 Qe7 18. Bb1 Rfd8 19. Qd3 Nf4 20. Qe3 Nxd4 21. Rxc8 Rxc8 22. g3 Nxh3+ 23. Kg2 Nf5 24. Qd3 Rd8 25. Qc2 Ng5 26. g4 Nxe4 27. Qxe4 Rd4 28. Qe5 Qg5 29. Qb8+ Kh7 30. f3 Rd2+ 31. Rf2 Rxf2+ 32. Kxf2 Qd2+ 33. Kf1 Qd1+ 34. Kf2 Qxb1 35. gxf5 Qxb2+ 36. Kg3 exf5 37. Qc8 g6 38. Qf8 Qa2 39. Qc8 h5 40. Qxb7 Qxa3 41. Qxf7+ Kh6 42. Qd7 h4+ 43. Kf2 Qc5+ 44. Kg2 Qc2+ 45. Kf1 h3 46. Qe7 Qg2+ 47. Ke1 Qg3+ 48. Ke2 Qg5 49. Qe8 Qf6 50. Qe3+ f4 51. Ke1 0-1

[Event "FIDE WCCC Open-08 2024"]
[Site "Montesilvano"]
[Date "2024.11.19"]
[Round "5.15"]
[White "Cardas, Serghei"]
[Black "Kapitanski, Furion"]
[Result "1/2-1/2"]
[ECO "D07"]
[WhiteElo "1627"]
[BlackElo "1707"]
[Annotator "NA RC"]
[PlyCount "53"]
[EventDate "2024.11.18"]
[EventType "swiss"]
[EventCountry "ITA"]
[SourceTitle "playchess.com"]
[Source "ChessBase"]
[SourceQuality "1"]
[TimeControl "5400+30"]

1. d4 d5 2. c4 Nc6 3. Nf3 Bg4 4. cxd5 Bxf3 5. dxc6 Bxc6 6. Nc3 Nf6 7. Bf4 e6 8. e3 Qd7 9. a3 Nd5 10. Bg3 Nxc3 11. bxc3 O-O-O 12. Qb3 h5 13. Rb1 b6 14. h3 Bd6 15. Bxd6 Qxd6 16. c4 f5 17. Rd1 Bb7 18. Rb1 Qc6 19. Rg1 f4 20. Be2 e5 21. d5 Qc5 22. Qb4 Qxb4+ 23. axb4 g5 24. e4 c6 25. f3 h4 26. Kf2 Kc7 27. Rgd1 1/2-1/2

[Event "FIDE WCCC Open-08 2024"]
[Site "Montesilvano"]
[Date "2024.11.19"]
[Round "5.16"]
[White "Sahin, Bora"]
[Black "Rajabov, Abdurahmon"]
[Result "1/2-1/2"]
[ECO "C04"]
[WhiteElo "1703"]
[BlackElo "1515"]
[Annotator "NA RC"]
[PlyCount "132"]
[EventDate "2024.11.18"]
[EventType "swiss"]
[EventCountry "ITA"]
[SourceTitle "playchess.com"]
[Source "ChessBase"]
[SourceQuality "1"]
[TimeControl "5400+30"]

1. e4 e6 2. d4 d5 3. Nd2 Nc6 4. c3 Nf6 5. e5 Nd7 6. Bd3 Be7 7. Qg4 O-O 8. Ne2 f5 9. Qh3 Bg5 10. g4 g6 11. f4 Be7 12. gxf5 exf5 13. Ng3 Qe8 14. Rg1 Kh8 15. Qh6 Rg8 16. Kf2 Nf8 17. Nf3 Ne6 18. Nxf5 gxf5 19. Bxf5 Qf7 20. Rxg8+ Kxg8 21. Bc2 Qg7 22. f5 Qxh6 23. Bxh6 Bf8 24. Rg1+ Kh8 25. Bxf8 Nxf8 26. Ng5 Nd8 27. e6 Bxe6 28. fxe6 Nfxe6 29. Nxh7 Nc6 30. Ng5 Rf8+ 31. Ke3 Ncd8 32. Nxe6 Nxe6 33. Rg6 Re8 34. Kd2 Nf4 35. Rh6+ Kg8 36. Rf6 Re2+ 37. Kd1 Rf2 38. Bb3 Kg7 39. Rf5 Kg6 40. Rf8 Kg5 41. Rg8+ Kh4 42. Rg7 Nd3 43. Rh7+ Kg4 44. h3+ Kg5 45. h4+ Kg4 46. Rxc7 Nxb2+ 47. Ke1 Nd3+ 48. Kd1 Nb2+ 49. Kc1 Nd3+ 50. Kb1 Rb2+ 51. Ka1 Rf2 52. Bd1+ Kxh4 53. Rxb7 Rf1 54. Rb1 Kg3 55. Bb3 Rxb1+ 56. Kxb1 Nf4 57. c4 dxc4 58. Bxc4 Kg4 59. Kb2 Kf5 60. Kc3 Ke4 61. a4 a5 62. Bf1 Nd5+ 63. Kc4 Nb6+ 64. Kb5 Nxa4 65. Kxa4 Kxd4 66. Kxa5 Ke5 1/2-1/2

[Event "FIDE WCCC Open-08 2024"]
[Site "Montesilvano"]
[Date "2024.11.19"]
[Round "5.17"]
[White "Lan, Kai Zhou"]
[Black "Pera, Mikolaj"]
[Result "1/2-1/2"]
[ECO "B77"]
[WhiteElo "1784"]
[BlackElo "1446"]
[Annotator "NA RC"]
[PlyCount "117"]
[EventDate "2024.11.18"]
[EventType "swiss"]
[EventCountry "ITA"]
[SourceTitle "playchess.com"]
[Source "ChessBase"]
[SourceQuality "1"]
[TimeControl "5400+30"]

1. e4 c5 2. Nf3 d6 3. d4 cxd4 4. Nxd4 Nf6 5. Nc3 g6 6. Be3 Bg7 7. f3 O-O 8. Qd2 Nc6 9. Bc4 Nxd4 10. Bxd4 Qa5 11. O-O-O Be6 12. Bb3 Bxb3 13. cxb3 Rfc8 14. Kb1 b5 15. g4 b4 16. Na4 Qb5 17. h4 Qb7 18. Rde1 Rc7 19. h5 Rac8 20. h6 Bh8 21. g5 Nd7 22. Bxh8 Kxh8 23. Qd4+ f6 24. f4 Qc6 25. Qd2 Qc2+ 26. Qxc2 Rxc2 27. Rc1 R2c7 28. Rcd1 Kg8 29. Rd4 Rb7 30. Rc1 Rxc1+ 31. Kxc1 Kf7 32. Kc2 Ke6 33. Kd3 Rb8 34. Ke3 Rb7 35. Rc4 Kf7 36. Kd4 e6 37. Rc6 Ke7 38. Rc8 fxg5 39. fxg5 Nf8 40. Rc2 Nd7 41. Rf2 Ne5 42. Rf6 Nd7 43. Rf3 Ne5 44. Rg3 Nd7 45. a3 bxa3 46. bxa3 Ne5 47. b4 Nc6+ 48. Kc4 Ne5+ 49. Kb3 Nd7 50. Nc3 Nc5+ 51. Kc4 Nd7 52. a4 Ne5+ 53. Kb3 Nc6 54. Na2 Nxb4 55. Nxb4 a5 56. Re3 Rxb4+ 57. Ka3 Rb7 58. e5 dxe5 59. Rxe5 1/2-1/2

[Event "FIDE WCCC Open-08 2024"]
[Site "Montesilvano"]
[Date "2024.11.19"]
[Round "5.18"]
[White "Kalinin, Bogdan"]
[Black "Alloussi, Arian"]
[Result "0-1"]
[ECO "D05"]
[WhiteElo "1548"]
[BlackElo "1745"]
[Annotator "NA RC"]
[PlyCount "154"]
[EventDate "2024.11.18"]
[EventType "swiss"]
[EventCountry "ITA"]
[SourceTitle "playchess.com"]
[Source "ChessBase"]
[SourceQuality "1"]
[TimeControl "5400+30"]

1. d4 d5 2. Nf3 Nf6 3. e3 e6 4. Bd3 c5 5. b3 Nc6 6. O-O cxd4 7. exd4 Bd6 8. Bb2 O-O 9. Ne5 Qc7 10. f4 Nb4 11. Nc3 Nxd3 12. Qxd3 a6 13. Nb1 b6 14. Nd2 a5 15. c4 Ba6 16. Rf3 Rac8 17. Rh3 h6 18. Qg3 Kh8 19. Rf1 Nh7 20. f5 Bxe5 21. dxe5 exf5 22. Rxf5 dxc4 23. bxc4 Bxc4 24. e6 Qxg3 25. Rxg3 f6 26. Nxc4 Rxc4 27. e7 Re8 28. Rd5 Re4 29. Ba3 f5 30. Rd8 Nf6 31. Rg6 Rg8 32. Bb2 Kh7 33. Rxg8 Kxg8 34. Bxf6 Kf7 35. Be5 Rxe5 36. Rxb6 Kxe7 37. Rb7+ Kf6 38. Rb6+ Re6 39. Rb5 Re5 40. Rb6+ Kg5 41. Kf2 Rc5 42. Rb2 Rc3 43. g3 h5 44. Kg2 h4 45. Kh3 hxg3 46. hxg3 Ra3 47. Rc2 f4 48. Rc5+ Kh6 49. Rc2 Rxg3+ 50. Kh2 Ra3 51. Kg2 g5 52. Kf2 Kh5 53. Kg2 Kg4 54. Kf2 Rh3 55. Kg2 f3+ 56. Kg1 Kg3 57. a4 f2+ 58. Rxf2 Rh1+ 59. Kxh1 Kxf2 60. Kh2 g4 61. Kh1 Kg3 62. Kg1 Kh3 63. Kh1 g3 64. Kg1 g2 65. Kf2 Kh2 66. Ke2 g1=Q 67. Kd3 Qd1+ 68. Kc4 Qxa4+ 69. Kc5 Qb4+ 70. Kc6 a4 71. Kc7 Qd4 72. Kc6 a3 73. Kc7 a2 74. Kc6 a1=Q 75. Kc7 Qc1+ 76. Kb7 Qdb2+ 77. Ka8 Qca1# 0-1